 Dungeon Crawl Stone Soup version 0.31-a0-1002-g8e65716e6e (webtiles) character file.

Game seed: 4813720620333518861

9431 BinkBink the Fighter (level 11, -6/153 HPs)
             Began as a Minotaur Berserker on Nov 9, 2023.
             Was an Elder of Trog.
             Mangled by a boulder beetle (14 damage)
             ... on level 9 of the Dungeon.
             The game lasted 00:10:07 (9640 turns).

BinkBink the Fighter (Minotaur Berserker)           Turns: 9640, Time: 00:10:07

Health: -6/153     AC: 19    Str: 27    XL:     11   Next: 23%
Magic:  10/10      EV:  9    Int:  4    God:    Trog [****..]
Gold:   523        SH:  8    Dex:  9    Spells: 10/10 levels left

rFire   . . .        A - +2 hand axe (venom)
rCold   . . .        o - +2 buckler
rNeg    . . .        F - +0 chain mail
rPois   .            n - +0 hat
rElec   .            (no cloak)
rCorr   .            G - +1 pair of gloves
SInv    +            i - +0 pair of boots
Will    .....        B - amulet of faith Stlth
                     p - +4 ring of protection
HPRegen 0.45/turn    r - ring of see invisible
MPRegen 0.12/turn

%: faith
@: berserking (expiring), very quick
A: horns 2, retaliatory headbutt
a: Renounce Religion, Berserk, Trog's Hand, Brothers in Arms


You were on level 9 of the Dungeon.
You worshipped Trog.
Trog was greatly pleased with you.
You visited 1 branch of the dungeon, and saw 9 of its levels.

You collected 523 gold pieces.

Inventory:

Hand Weapons
 A - a +2 hand axe of venom (weapon)
Missiles
 P - a throwing net
Armour
 i - a +0 pair of boots (worn)
 n - a +0 hat (worn)
 o - a +2 buckler (worn)
 F - a +0 chain mail (worn)
 G - a +1 pair of gloves (worn)
 J - a +0 kite shield
 O - a +0 troll leather armour
Jewellery
 p - a +4 ring of protection (left hand)
 r - a ring of see invisible (right hand)
 B - an amulet of faith (around neck)
 N - a +5 ring of evasion
 Q - a ring of magical power
Wands
 t - a wand of acid (6)
 C - a wand of iceblast (8)
 D - a wand of paralysis (12)
 E - a wand of flame (30)
Scrolls
 a - a scroll of fear
 b - a scroll of revelation {unknown}
 f - a scroll of brand weapon {unknown}
 j - a scroll of enchant weapon {unknown}
 l - 2 scrolls of noise {unknown}
 s - a scroll of poison {unknown}
 w - a scroll of silence {unknown}
 x - 7 scrolls of identify {unknown}
 y - 3 scrolls of fog {unknown}
 I - a scroll of immolation {unknown}
 L - a scroll of vulnerability {unknown}
 M - a scroll of amnesia {unknown}
Potions
 c - 3 potions of magic {unknown}
 d - a potion of berserk rage {unknown}
 e - 3 potions of haste {unknown}
 g - 3 potions of curing
 h - a potion of invisibility {unknown}
 k - 3 potions of might {unknown}
 m - 3 potions of mutation {unknown}
 q - a potion of cancellation {unknown}
 u - a potion of resistance {unknown}
 v - 2 potions of lignification {unknown}
 z - 3 potions of heal wounds {unknown}
 H - a potion of ambrosia {unknown}
 K - a potion of brilliance {unknown}


   Skills:
 + Level 11.3 Fighting
 + Level 11.2 Axes
 + Level 10.9 Armour
 - Level 2.1 Dodging
 + Level 10.3 Shields


You had 10 spell levels left.
You didn't know any spells.
Your spell library was empty.

Dungeon Overview and Level Annotations

Branches:
Dungeon (9/15)             Temple (0/1) D:4
   Lair: D:8-11         Orc: D:9-12

Altars:
Ashenzari
Elyvilon
Ru
Vehumet
Wu Jian
Xom
Yredelemnul
The Shining One

Shops:
D:9 *


Innate Abilities, Weirdness & Mutations

You have a pair of horns on your head.
You reflexively headbutt those who attack you in melee.


Message History

The manticore bites you.
The manticore claws you but does no damage.
The manticore claws you!
Things that are here:
a +0 orcbow; the ring of Ceraxkac {Fly rC+ Str+8 Dex-4 Slay+3}; a centaur corpse You closely miss the manticore.
The manticore bites you but does no damage.
The manticore claws you but does no damage.
You block the manticore's attack.
The boulder beetle curls into a ball and begins rolling!
You slice the manticore!! You headbutt the manticore.
The manticore is heavily wounded.
You slash the manticore!
The manticore is poisoned.
The manticore is severely wounded.
You block the manticore's attack.
The manticore claws you but does no damage. x2
You slash the manticore! You headbutt the manticore.
You kill the manticore!
Trog accepts your kill.
You hit the boulder beetle but do no damage.
The boulder beetle looks as sick as possible!
The boulder beetle is moderately wounded.
The boulder beetle hits you!!!
* * * LOW HITPOINT WARNING * * *
The boulder beetle stops rolling and uncurls.
You hear a horrible gurgling sound!
You hear a shout!
You hit the boulder beetle but do no damage.
The boulder beetle looks as sick as possible!
The boulder beetle is moderately wounded.
You hit the boulder beetle but do no damage.
The boulder beetle looks as sick as possible!
The boulder beetle is moderately wounded.
The boulder beetle barely misses you.
You barely miss the boulder beetle. You headbutt the boulder beetle!
The boulder beetle is severely wounded.
You hit the boulder beetle.
The boulder beetle looks as sick as possible!
The boulder beetle is severely wounded.
The boulder beetle bites you!
You die...

#..##############.###.# ##.#
#..##.# #.# ##.##.# # #.##
.#..#.### #..# ## .##......
##.### ###.....#..####
#..#.###.##.... ##.###.
##.##†..##W##.## #..##.
#..##@####.#.#.###....
##.##B##.###.###.#....
##..#.##.........##)..
###...#.#.#######.#)#...
##.....##.........##.#...
#######.......#..#.#.#..##.##..
#.............##..#.#..##...#..
######.........#...#...###.###.
#.........##.#.#.##.#.#.#.


You could see a boulder beetle (extremely poisoned).

Vanquished Creatures
  A boulder beetle (D:9)
  A centaur warrior (D:9)
  A two-headed ogre (D:9)
  2 cyclopes
  A manticore (D:9)
  Maurice (D:9)
  A freezing wraith (D:9)
  Grinder (D:3)
  3 trolls (D:9)
  9 yaks
  2 wyverns
  4 water moccasins
  3 ice beasts
  2 orc warriors (D:7)
  2 black bears (D:6)
  2 ogres (D:5)
  2 centaurs
  4 kobold brigands
  3 bullfrogs
  Blork the orc (D:6)
  2 gnoll sergeants
  3 scorpions
  A wight (D:9)
  A killer bee (D:9)
  A howler monkey (D:4)
  2 jellies
  7 hounds
  4 orc priests
  2 gnoll boudas
  2 iguanas (D:5)
  7 orc wizards
  18 gnolls
  7 adders
  A shadow imp (D:7)
  2 white imps
  An ufetubus (D:5)
  4 worms
  4 dart slugs
  31 orcs
  2 endoplasms
  5 giant cockroaches
  6 goblins
  7 hobgoblins
  3 jackals (D:1)
  11 kobolds
  4 quokkas
  10 ball pythons
  4 bats
  2 frilled lizards (D:1)
  4 rats
204 creatures vanquished.

Vanquished Creatures (collateral kills)
  A slime creature (D:9)
1 creature vanquished.

Grand Total: 205 creatures vanquished

Notes
Turn   | Place    | Note
-------+----------+-------------------------------------------
     0 | D:1      | BinkBink the Minotaur Berserker began the quest for the
                  | Orb.
     0 | D:1      | Reached XP level 1. HP: 19/19 MP: 0/0
   170 | D:1      | Reached XP level 2. HP: 27/27 MP: 1/1
   399 | D:1      | Reached XP level 3. HP: 27/33 MP: 2/2
  1308 | D:2      | Reached ** piety under Trog
  1366 | D:2      | Reached XP level 4. HP: 12/41 MP: 3/3
  1542 | D:2      | Reached skill level 1 in Shields
  1950 | D:3      | Noticed Grinder
  1968 | D:3      | Killed Grinder
  1969 | D:3      | Reached skill level 5 in Fighting
  1969 | D:3      | Reached skill level 5 in Axes
  1969 | D:3      | Reached XP level 5. HP: 34/48 MP: 4/4
  1969 | D:3      | Reached XP level 6. HP: 40/56 MP: 5/5
  2268 | D:3      | Found a broken altar of Ashenzari.
  2843 | D:4      | Reached skill level 5 in Armour
  3135 | D:4      | Reached XP level 7. HP: 58/62 MP: 6/6
  3167 | D:4      | Found a staircase to the Ecumenical Temple.
  3862 | D:4      | Noticed a wyvern
  3871 | D:4      | Killed a wyvern
  4080 | D:4      | Found a basalt altar of Yredelemnul.
  4405 | D:5      | Entered Level 5 of the Dungeon
  4700 | D:5      | Reached XP level 8. HP: 50/71 MP: 7/7
  4706 | D:5      | Reached skill level 5 in Shields
  4916 | D:5      | Reached *** piety under Trog
  5374 | D:6      | Noticed Blork the orc
  5382 | D:6      | Killed Blork the orc
  6404 | D:6      | Reached XP level 9. HP: 81/81 MP: 8/8
  6435 | D:6      | Reached **** piety under Trog
  6734 | D:7      | Found a sacrificial altar of Ru.
  7385 | D:7      | Found a white marble altar of Elyvilon.
  7507 | D:8      | Noticed a cyclops
  7535 | D:8      | Killed a cyclops
  7782 | D:8      | Found a glowing golden altar of the Shining One.
  8201 | D:8      | Reached XP level 10. HP: 85/91 MP: 9/9
  8300 | D:9      | Noticed a two-headed ogre
  8309 | D:9      | Killed a two-headed ogre
  8347 | D:9      | Found a radiant altar of Vehumet.
  8452 | D:9      | Reached ***** piety under Trog
  8453 | D:9      | Reached skill level 10 in Fighting
  8453 | D:9      | Reached skill level 10 in Axes
  8641 | D:9      | Noticed Maurice
  8654 | D:9      | Maurice stole a ring of magical power
  8671 | D:9      | Reached skill level 10 in Armour
  8673 | D:9      | Killed Maurice
  9020 | D:9      | Noticed a boulder beetle
  9089 | D:9      | Found Qaeruax's Island Escapes.
  9147 | D:9      | Found an ornate altar of the Wu Jian Council.
  9160 | D:9      | Found a shimmering altar of Xom.
  9248 | D:9      | Killed a boulder beetle
  9249 | D:9      | Reached XP level 11. HP: 75/101 MP: 10/10
  9351 | D:9      | HP: 7/151 [freezing wraith (8)]
  9604 | D:9      | Noticed a boulder beetle
  9606 | D:9      | Identified the ring of Ceraxkac {Fly rC+ Str+8 Dex-4
                  | Slay+3}
  9606 | D:9      | Noticed a centaur warrior
  9610 | D:9      | Reached skill level 10 in Shields
  9626 | D:9      | Killed a centaur warrior
  9636 | D:9      | HP: 7/153 [boulder beetle (40)]
  9640 | D:9      | Mangled by a boulder beetle

Illustrated notes

Levels and vault maps discovered:
D:1:      scummos_arrival_hexagon, layout_loops_ring
D:2:      layout_loops_ring, minmay_small_reverse_x
D:3:      layout_basic, nicolae_ashenzari_panopticon, uniq_grinder
D:4:      layout_basic, lemuel_coloured_pillars_altar,
          minmay_temple_entry_offerings
D:5:      kennysheep_six_static_rooms, layout_loops_ring
D:6:      layout_cave_pods, serial_column_ruins, column_ruins_grid_1,
          column_ruins_columns_corner, column_ruins_corridor_water,
          column_ruins_open_small, uniq_blork_the_orc
D:7:      layout_gridville, mainiacjoe_overflow_cross_hatched,
          kennysheep_mini_moat, minmay_three_doors
D:8:      layout_loops_ring, mainiacjoe_overflow_24_doors
D:9:      minmay_the_grid_triangle_9x9_rhombus_thin
          [minmay_the_grid_triangle_9x9_warning,
          minmay_the_grid_triangle_9x9_prize_special,
          minmay_the_grid_triangle_9x9_from_above,
          minmay_the_grid_triangle_9x9_limited_checkers], layout_rooms,
          mainiacjoe_overflow_catwalk, jmf_multi_god_temple,
          nicolae_island_escapes, uniq_maurice

Skill      XL: |  1  2  3  4  5  6  7  8  9 10 11 |
---------------+----------------------------------+-----
Fighting       | 4 5 6 8 9 10 11 | 11.3
Axes           | 4 5 6 8 9 10 11 | 11.2
Armour         | 3 4 5 6 7 9 10 | 10.9
Shields        | 2 3 4 6 8 9 10 | 10.3
Dodging        | |  2.1

Action                     |  1- 3 |  4- 6 |  7- 9 | 10-12 || total
---------------------------+-------+-------+-------+-------++-------
  Melee: Hand axe          |    96 |    88 |   275 |   183 ||   642
         Headbutt          |     9 |    20 |    58 |    45 ||   132
 Invoke: Berserk           |       |       |       |     2 ||     2
         Trog's Hand       |       |       |       |     1 ||     1
         Brothers in Arms  |       |       |       |     1 ||     1
    Use: Scroll            |       |       |       |     1 ||     1
         Potion            |       |       |       |     1 ||     1
   Stab: Sleeping          |     3 |     2 |       |       ||     5
 Armour: Animal skin       |    42 |    44 |    55 |       ||   141
         Chain mail        |       |       |   124 |   116 ||   240
         Troll leather arm |       |       |       |    19 ||    19
  Dodge: Dodged            |    56 |    34 |   110 |    49 ||   249
  Block: Buckler           |     4 |    23 |    88 |    53 ||   168
         Kite shield       |       |       |     4 |       ||     4

Table legend: (Time is in decaauts)
 A = Elapsed time spent in this place.
 B = Non-inter-level travel time spent in this place.
 C = Inter-level travel time spent in this place.
 D = Time resting spent in this place.
 E = Time spent auto-exploring this place.
 F = Levels seen in this place.
 G = Mean time per level.
                   A        B        C        D        E       F      G
               +--------+--------+--------+--------+--------+-----+--------+
         Total |   9624 |   9024 |    600 |    692 |   6987 |   9 | 1069.3 |
       Dungeon |   9624 |   9024 |    600 |    692 |   6987 |   9 | 1069.3 |
               +--------+--------+--------+--------+--------+-----+--------+

Top non-repeatable levels by time:
     D:4: 1489 daAuts
     D:9: 1335 daAuts
     D:3: 1273 daAuts
     D:6: 1101 daAuts
     D:5: 1016 daAuts
     D:1: 885 daAuts
     D:2: 867 daAuts
     D:8: 866 daAuts
     D:7: 788 daAuts
